 Dungeon Sprint DCSS version 0.16-a0-2955-gfa193e0 (webtiles) character file.

1 RobertPalmer the Skirmisher (level 1, 18/18 HPs)
             Began as a Formicid Abyssal Knight on Dec 4, 2014.
             Was a Follower of Lugonu.
             Quit the game in the Dungeon (Sprint VII: "The Pits").
             The game lasted 00:00:16 (106 turns).

RobertPalmer the Skirmisher (FoAK)                   Turns: 106, Time: 00:00:16

Health: 18/18      AC:  3    Str: 16    XL:     1   Next: 22%
Magic:  1/1        EV: 10    Int: 11    God:    Lugonu [*.....]
Gold:   0          SH:  0    Dex: 10    Spells: 0 memorised, 0 levels left

rFire  . . .     SeeInvis +     a - +1 hand axe
rCold  . . .     Clarity  .     b - +0 leather armour
rNeg   . . .     SustAb   .     (no shield)
rPois  .         Gourm    .     (helmet unavailable)
rElec  .         Spirit   .     (no cloak)
rCorr  .         Warding  .     (no gloves)
rMut   .         Stasis   +     (no boots)
MR     .....                    (no amulet)
Stlth  +.........               (no ring)
                                (no ring)

@: not resistant to hostile enchantments, very unstealthy
A: permanent stasis, dig shafts and tunnels, four strong arms, antennae 3
a: Dig, Renounce Religion


You were in the Dungeon.
You worshipped Lugonu.
Lugonu was aware of your devotion.
You were not hungry.

You visited 1 branch


Innate Abilities, Weirdness & Mutations

You are under a permanent stasis effect.
You can dig through walls and to a lower floor.
Your four strong arms can wield two-handed weapons with a shield.
You have a pair of large antennae on your head (SInv).


   Skills:
 - Level 3.2 Fighting
 + Level 2.9 Axes
 - Level 2.1 Armour
 - Level 0.8 Dodging
 - Level 2.1 Invocations


You couldn't memorise any spells.
You didn't know any spells.

Inventory:

Hand weapons
 a - a +1 hand axe (weapon)
Armour
 b - a +0 leather armour (worn)
Potions
 d - a potion of curing
 e - a potion of heal wounds
 g - 2 potions of magic
Comestibles
 c - a bread ration

Dungeon Overview and Level Annotations

Branches:
Dungeon (1/1)

Altars:
Dithmenos
Kikubaaqudgha
Makhleb
Nemelex Xobeh
Ru
Sif Muna
Xom
Yredelemnul {{{ ####### _____

___ #####'#############
#)))'a'%!##.........
#)))#.#?(##......#..#
#######'#####..........
#..........)'...........
#+#####+#####......#..#.
{ {{ #........... { { {{
####'#####++ #.......#
{{ #.......#


There were no monsters in sight!


Message History

You open the door.
There is an open door to the Entrance Hall (Safe) here.
You open the door.
A hobgoblin comes into view. It is wielding a club.
The hobgoblin shouts!
There is an open door to the Storerooms (Easy) here.
You hit the hobgoblin but do no damage. The hobgoblin closely misses you.
The hobgoblin closely misses you.
You closely miss the hobgoblin. The hobgoblin closely misses you.
You hit the hobgoblin.
The hobgoblin is moderately wounded.
The hobgoblin hits you with a club.
You slash the hobgoblin!
You kill the hobgoblin!
Lugonu accepts your kill.
No target in view!
You see here a club.
You start resting.
HP restored.
You open the door.
There is an open door here.
You open the door.
Found eight altars.
You open the door.
Found 40 fruits, 2 potions of magic, 2 scrolls of vulnerability and 10 stones.
You open the door.
Found six items.
Quiver which item? (- for none, * to show all) (? for menu, Esc to quit)
Okay, then.
Are you sure you want to abandon this character and quit the game? (Confirm with "yes".)

Action                   || total
-------------------------++-------
Melee: Hand axe          ||     4

Vault maps used:
D:        pitsprint

Notes
Turn   | Place    | Note
--------------------------------------------------------------
     0 | D        | RobertPalmer, the Formicid Abyssal Knight, began the quest for the Orb.
     0 | D        | Reached XP level 1. HP: 18/18 MP: 1/1
     3 | D        | Killed a neqoxec
     7 | D        | Killed a deep elf sorcerer
    18 | D        | Killed a pearl dragon
    19 | D        | Killed Norris
    23 | D        | Killed a tormentor
   103 | D        | Found a sacrificial altar of Ru.
   103 | D        | Found a basalt altar of Yredelemnul.
   103 | D        | Found a shadowy altar of Dithmenos.
   103 | D        | Found a deep blue altar of Sif Muna.
   103 | D        | Found a burning altar of Makhleb.
   103 | D        | Found a shimmering altar of Xom.
   103 | D        | Found an ancient bone altar of Kikubaaqudgha.
   103 | D        | Found a sparkling altar of Nemelex Xobeh.
   106 | D        | Quit the game

Vanquished Creatures
  A hobgoblin (D)
1 creature vanquished.

Vanquished Creatures (others)
  Norris (D)
  A pearl dragon (D)
  A deep elf sorcerer (D)
  A tormentor (D)
  A neqoxec (D)
5 creatures vanquished.

Grand Total: 6 creatures vanquished
